 Dungeon Crawl Stone Soup version 0.29-a0-1065-g47a6bb87d6 (webtiles) character file.

Game seed: 16703610141330699090

100 nickcage the Cudgeller (level 4, -2/39 HPs)
             Began as a Minotaur Abyssal Knight on Aug 18, 2022.
             Was a Priest of Lugonu.
             Slain by a gnoll
             ... wielding a +0 halberd
              (14 damage)
             ... on level 3 of the Dungeon.
             The game lasted 00:03:38 (2144 turns).

nickcage the Cudgeller (Minotaur Abyssal Knight)    Turns: 2144, Time: 00:03:38

Health: -2/39      AC:  3    Str: 19    XL:     4   Next: 46%
Magic:  4/4        EV: 11    Int:  7    God:    Lugonu [***...]
Gold:   128        SH:  0    Dex: 11    Spells: 3/3 levels left

rFire   . . .      SeeInvis .   a - +1 mace
rCold   . . .      Faith    .   (no shield)
rNeg    . . .      Spirit   .   b - +0 leather armour
rPois   .          Reflect  .   (helmet restricted)
rElec   .          Harm     .   (no cloak)
rCorr   .          Rampage  .   (no gloves)
Will    .....                   (no boots)
Stlth   +.........              (no amulet)
HPRegen 0.13/turn               (no ring)
MPRegen 0.09/turn               (no ring)

@: no status effects
A: horns 2, retaliatory headbutt
a: Renounce Religion, Depart the Abyss, Bend Space, Banish


You were on level 3 of the Dungeon.
You worshipped Lugonu.
Lugonu was most pleased with you.
You visited 1 branch of the dungeon, and saw 3 of its levels.
You visited the Abyss 1 time.

You collected 128 gold pieces.

Inventory:

Hand Weapons
 a - a +1 mace (weapon)
 n - the +5 spear of the Howling One {drain, rElec Will- Str+5}
   (You found it on level 2 of the Dungeon)

   A truly terrible weapon, it drains the life of any living foe it strikes.
   Str:       It affects your strength (+5).
   rElec:     It insulates you from electricity.
   Will:      It decreases your willpower.
Missiles
 d - 3 boomerangs (quivered)
 e - 3 poisoned darts
Armour
 b - a +0 leather armour (worn)
Wands
 l - a wand of roots (7)
Scrolls
 c - 2 scrolls of noise {unknown}
 k - a scroll of summoning {unknown}
 m - a scroll of identify {unknown}
 o - a scroll of enchant armour {unknown}
Potions
 f - 2 potions of heal wounds {unknown}
 g - a potion of might {unknown}
 h - a potion of haste
 i - a potion of flight {unknown}
 j - a potion of cancellation {unknown}
 p - a potion of invisibility {unknown}
 q - a potion of lignification {unknown}


   Skills:
 - Level 3.6 Fighting
 + Level 5.8 Maces & Flails
 - Level 2.4 Armour
 - Level 1.1 Dodging
 - Level 1.7 Invocations


You had 3 spell levels left.
You didn't know any spells.
Your spell library contained the following spells:

 Spells                   Type           Power      Damage    Failure   Level
 Slow                     Hex            0%         N/A       50%         1
 Sublimation of Blood     Necr           0%         N/A       63%         2
 Confusing Touch          Hex            0%         N/A       86%         3
 Vampiric Draining        Necr           0%         2d6       86%         3
 Petrify                  Tmut/Erth      0%         N/A       99%         4
 Irradiate                Conj/Tmut      0%         3d11      100%        5


Dungeon Overview and Level Annotations

Branches:
Dungeon (3/15)

Altars:

Annotations:
D:3 Robin


Innate Abilities, Weirdness & Mutations

You have a pair of horns on your head.
You reflexively headbutt those who attack you in melee.


Message History

There is a stone staircase leading down here.
You climb downwards.
Level annotation: Robin
Found an escape hatch in the ceiling.
There is a stone staircase leading up here.
Found a sling. 2 gnolls come into view.
The gnoll shouts!
A gnoll comes into view. It is wielding a +0 halberd.
The gnoll moves out of view. x2
Found a stone staircase leading down.
The gnoll shouts!
You throw a boomerang. The boomerang hits the gnoll.
The gnoll is moderately wounded.
You throw a boomerang. The boomerang hits the gnoll.
The gnoll is heavily wounded.
You throw a boomerang. The boomerang hits the gnoll.
The gnoll is heavily wounded.
The gnoll hits you with a +0 club.
You closely miss the gnoll. Your headbutt misses the gnoll.
The gnoll is heavily wounded.
The gnoll barely misses you. x2
You hit the gnoll but do no damage.
You headbutt the gnoll, but do no damage.
The gnoll is heavily wounded.
The gnoll hits you with a +0 club. The gnoll misses you.
You closely miss the gnoll.
The gnoll is heavily wounded.
The gnoll closely misses you. The gnoll hits you but does no damage.
You hit the gnoll.
The gnoll is severely wounded.
The gnoll hits you but does no damage.
The gnoll hits you from afar with a +0 halberd!
You closely miss the gnoll. You headbutt the gnoll.
You kill the gnoll!
Lugonu accepts your kill.
The gnoll hits you from afar with a +0 halberd. x2
There is a stone staircase leading up here.
The gnoll hits you from afar with a +0 halberd!
You die...

#..#.......?
#####.g#.#......
................
########.#......
#........
#g#.#...# #)#..)
.. #########g#
### .<.....@..#
###########


You could see a gnoll.

Vanquished Creatures
  4 adders (D:2)
  A gnoll (D:3)
  A worm (D:2)
  A dart slug (D:2)
  4 bats
  An endoplasm (D:2)
  2 giant cockroaches
  11 goblins
  4 hobgoblins
  3 jackals (D:1)
  3 kobolds
  2 quokkas (D:1)
  3 ball pythons
  4 frilled lizards
  3 rats
47 creatures vanquished.

Notes
Turn   | Place    | Note
-------+----------+-------------------------------------------
     0 | Abyss:1  | nickcage the Minotaur Abyssal Knight began the quest for
                  | the Orb.
     0 | Abyss:1  | Reached XP level 1. HP: 19/19 MP: 1/1
     1 | D:1      | Escaped the Abyss
    82 | D:1      | Reached skill level 3 in Maces & Flails
   135 | D:1      | Reached XP level 2. HP: 14/26 MP: 2/2
   136 | D:1      | Found a faded altar of an unknown god.
   764 | D:2      | Reached skill level 4 in Maces & Flails
   764 | D:2      | Reached XP level 3. HP: 12/31 MP: 3/3
  1355 | D:2      | Reached skill level 5 in Maces & Flails
  1375 | D:2      | Identified the +5 spear of the Howling One {drain, rElec
                  | Will- Str+5}
  1379 | D:2      | Reached XP level 4. HP: 36/39 MP: 4/4
  1502 | D:2      | Reached *** piety under Lugonu
  1966 | D:3      | Noticed Robin
  2144 | D:3      | Slain by a gnoll

Illustrated notes

Levels and vault maps discovered:
D:1:      dpeg_arrival_prison, layout_rooms,
          hellmonk_ecumenical_altar_prayer_group
D:2:      minmay_spotlight, layout_basic, minmay_split_cup_small
D:3:      layout_loops_ring, mainiacjoe_overflow_paths, serial_shops,
          nicolae_shop_statue_plus, uniq_sigmund, uniq_robin

Skill      XL: |  1  2  3 |
---------------+----------+-----
Maces & Flails | 3 4 5 |  5.8
Fighting       | |  3.6
Armour         | |  2.4
Dodging        | |  1.1
Invocations    | |  1.7

Action                   |  1- 3 |  4- 6 || total
-------------------------+-------+-------++-------
Melee: Mace              |    56 |    34 ||    90
       Headbutt          |     9 |     6 ||    15
       Punch             |     1 |       ||     1
Throw: Boomerang         |     2 |     3 ||     5
Armor: Leather armour    |    17 |    10 ||    27
Dodge: Dodged            |    43 |    29 ||    72

Table legend: (Time is in decaauts)
 A = Elapsed time spent in this place.
 B = Non-inter-level travel time spent in this place.
 C = Inter-level travel time spent in this place.
 D = Time resting spent in this place.
 E = Time spent auto-exploring this place.
 F = Levels seen in this place.
 G = Mean time per level.
                   A        B        C        D        E       F      G
               +--------+--------+--------+--------+--------+-----+--------+
         Total |   2161 |   2092 |     69 |    349 |   1474 |   4 |  540.2 |
       Dungeon |   2160 |   2091 |     69 |    349 |   1474 |   3 |  720.0 |
         Abyss |      1 |      1 |      0 |      0 |      0 |   1 |    1.0 |
               +--------+--------+--------+--------+--------+-----+--------+

Top non-repeatable levels by time:
     D:2: 1355 daAuts
     D:1: 751 daAuts
     D:3: 52 daAuts
 Abyss:1: 1 daAuts
